 Dungeon Sprint DCSS version 0.28.0-53-g5a82cb258f (webtiles) character file.

Game seed: 11815702780318835328

3168 Zeld the Warrior (level 9, 0/165 HPs)
             Began as a Minotaur Berserker on June 4, 2022.
             Was a High Priest of Trog.
             Slain by an orc sorcerer
             ... wielding a +0 dagger
              (7 damage)
             ... in the Dungeon (Sprint III: "The Ten Rune Challenge").
             The game lasted 00:02:03 (1942 turns).

Zeld the Warrior (Minotaur Berserker)               Turns: 1942, Time: 00:02:03

Health: 0/165      AC:  3    Str: 25    XL:     9   Next: 63%
Magic:  8/8        EV: 16    Int:  4    God:    Trog [*****.]
Gold:   21         SH:  0    Dex: 13    Spells: 8/8 levels left

rFire   . . .      SeeInvis .   a - +5 hand axe (flame)
rCold   . . .      Faith    .   (no shield)
rNeg    . . .      Spirit   .   b - +0 animal skin
rPois   .          Reflect  .   (helmet restricted)
rElec   .          Harm     .   (no cloak)
rCorr   .          Rampage  .   (no gloves)
Will    .....      NoTele   +   (no boots)
Stlth   ..........              (no amulet)
HPRegen 0.37/turn               (no ring)
MPRegen 0.11/turn               (no ring)

@: berserking, very quick
A: horns 2, retaliatory headbutt, agile 1, robust 1
a: Renounce Religion, Berserk, Trog's Hand, Brothers in Arms


You were in the Dungeon.
You worshipped Trog.
Trog was extremely pleased with you.
You visited 1 branch You collected 21 gold pieces.

Inventory:

Hand Weapons
 a - a +5 hand axe of flaming (weapon)
Armour
 b - a +0 animal skin (worn)
Wands
 o - a wand of iceblast (19)
Scrolls
 h - a scroll of blinking
 i - a scroll of enchant armour {unknown}
 j - a scroll of torment {unknown}
 k - 2 scrolls of immolation {unknown}
 m - a scroll of identify {unknown}
Potions
 c - 2 potions of curing
 d - a potion of heal wounds
 e - a potion of haste
 f - 2 potions of magic
 g - a potion of berserk rage
 l - 3 potions of flight
 n - 4 potions of mutation


   Skills:
 * Level 15.8 Fighting
 * Level 15.7 Axes
 + Level 11.2 Armour
 + Level 10.4 Dodging


You had 8 spell levels left.
You didn't know any spells.
Your spell library was empty.

Dungeon Overview and Level Annotations

Branches:
Dungeon (1/1)

Altars:
Cheibriados
Dithmenos
Elyvilon
Fedhas
Gozag
Hepliaklqana
Kikubaaqudgha
Makhleb
Nemelex Xobeh
Okawaru
Qazlal
Ru
Sif Muna
Trog
Uskayaw
Vehumet
Wu Jian
Xom
Yredelemnul
Zin
The Shining One
Beogh
Jiyva
Lugonu


Innate Abilities, Weirdness & Mutations

You have a pair of horns on your head.
You reflexively headbutt those who attack you in melee.
You are agile. (Dex +2)
You are robust. (+10% HP)


Message History

You barely miss the ice devil.
Unknown command.
You slash the orc high priest! You burn the orc high priest.
The orc high priest is moderately wounded.
You hit the ice devil. You burn the ice devil.
The orc high priest hits you with a +0 mace!
* * * LOW HITPOINT WARNING * * *
The orange demon completely misses you.
Unknown command.
You hit the orc high priest. You burn the orc high priest.
You headbutt the orc high priest.
The orc high priest is heavily wounded.
You slash the ice devil! You burn the ice devil.
The ice devil closely misses you.
Unknown command.
You slice the orc high priest!! You burn the orc high priest!
You headbutt the orc high priest.
You feel the power of Trog in you as your rage grows.
You kill the orc high priest!
Trog accepts your kill. Trog grants you a weapon!
Something appears at your feet!
You see here the +6 battleaxe of Amorality {flame, rElec rPois Dex+3}.
The ice devil disappears in a puff of smoke!
The orange demon disappears in a puff of smoke!
The orc sorcerer casts a spell at you.
You suddenly lose the ability to move!
Your Armour skill increases to level 11!
The orc knight roars a battlecry!
The orcs go into a battle-frenzy!
You can move again.
Unknown command.
Unknown command.
You feel a strong urge to attack something.
You hit the orc sorcerer. You burn the orc sorcerer.
The orc sorcerer is lightly wounded.
You closely miss the orc sorcerer. You headbutt the orc sorcerer!
The orc sorcerer is heavily wounded.
The orc sorcerer hits you with a +0 dagger!
You die...

▓▓▓ ♣.############ ###
♣.#___#___#__#####$o#$
♣♣.#.).#__.#._#o$o4....
♣..###'#'###)##o$...oo.
♣♣.#..........#o.oooooo
♣♣.).⌠...)....#o##
♣..#...######'#)@#
...#.⌠.#__#...#'##############
...#...#__#...#....#.#.#.....#
...#)###__#...##.#).#.##)###.# .
...#)::#__#...'##.#.#.##.#.)##.^.
...#___#__'...#.).#..#..##..+...^
▓▓▓▓▓▓▓▓▓▓▓▓▓▓▓▓▓▓▓▓▓▓▓▓▓▓▓▓#s...
..^. s..


You could see an orc knight, an orc sorcerer (strong), an orc wizard (strong)
and an orc (strong).

Vanquished Creatures
  Erolcha (D)
  An orc high priest (D)
  A deep elf pyromancer (D)
  A shadow (D)
  A spatial vortex (D)
  A necrophage (D)
  5 two-headed ogres (D)
  A water elemental (D)
  A jelly (D)
  Jessica (D)
  A wizard (D)
  A necromancer (D)
  An orc wizard (D)
  3 humans (D)
  A kobold demonologist (D)
  A phantom (D)
  3 orcs (D)
  An endoplasm (D)
  A rat (D)
27 creatures vanquished.

Notes
Turn   | Place    | Note
-------+----------+-------------------------------------------
     0 | D        | Zeld the Minotaur Berserker began the quest for the Orb.
     0 | D        | Reached XP level 1. HP: 19/19 MP: 0/0
    94 | D        | Noticed Jessica
    98 | D        | Killed Jessica
    98 | D        | Reached ** piety under Trog
    99 | D        | Reached skill level 5 in Fighting
    99 | D        | Reached skill level 5 in Axes
    99 | D        | Reached XP level 2. HP: 29/29 MP: 1/1
   227 | D        | Reached XP level 3. HP: 35/37 MP: 2/2
   493 | D        | Gained mutation: You are strong-willed. (Will+) [potion of
                  | mutation]
   493 | D        | Gained mutation: You have a pair of large horns on your
                  | head. [potion of mutation]
   552 | D        | Lost mutation: You have a pair of large horns on your head.
                  | [potion of mutation]
   552 | D        | Lost mutation: You are strong-willed. (Will+) [potion of
                  | mutation]
   552 | D        | Gained mutation: You are robust. (+10% HP) [potion of
                  | mutation]
   552 | D        | Gained mutation: You are agile. (Dex +2) [potion of
                  | mutation]
   603 | D        | Noticed a water elemental
   609 | D        | Killed a water elemental
   610 | D        | Reached XP level 4. HP: 45/51 MP: 3/3
   810 | D        | Found a radiant altar of Vehumet.
   810 | D        | Found a shimmering blue altar of Sif Muna.
   810 | D        | Found an ancient bone altar of Kikubaaqudgha.
   810 | D        | Noticed a wizard
   813 | D        | Killed a wizard
   813 | D        | Reached *** piety under Trog
   814 | D        | Reached skill level 5 in Armour
   816 | D        | Reached XP level 5. HP: 58/58 MP: 4/4
   882 | D        | Found a hide-covered altar of Uskayaw.
   882 | D        | Found an iron altar of Okawaru.
   882 | D        | Found a bloodstained altar of Trog.
   882 | D        | Found an ornate altar of the Wu Jian Council.
   882 | D        | Noticed a human
   883 | D        | Noticed a human
   890 | D        | Killed a human
   891 | D        | Reached XP level 6. HP: 70/70 MP: 5/5
   893 | D        | Killed a human
   893 | D        | Reached **** piety under Trog
   894 | D        | Reached skill level 10 in Fighting
   894 | D        | Reached skill level 10 in Axes
   939 | D        | Found a basalt altar of Yredelemnul.
   939 | D        | Found a shadowy altar of Dithmenos.
   939 | D        | Found a sacrificial altar of Ru.
   943 | D        | Reached XP level 7. HP: 81/81 MP: 6/6
   987 | D        | Found a glowing silver altar of Zin.
   987 | D        | Found a glowing golden altar of the Shining One.
   987 | D        | Found a white marble altar of Elyvilon.
   987 | D        | Noticed a deep elf pyromancer
   996 | D        | Killed a deep elf pyromancer
   996 | D        | Reached ***** piety under Trog
  1066 | D        | Noticed a shadow
  1072 | D        | Killed a shadow
  1073 | D        | Reached XP level 8. HP: 93/93 MP: 7/7
  1100 | D        | Found a blossoming altar of Fedhas.
  1100 | D        | Found a stormy altar of Qazlal.
  1100 | D        | Found a snail-covered altar of Cheibriados.
  1100 | D        | Found a burning altar of Makhleb.
  1100 | D        | Found a shimmering altar of Xom.
  1107 | D        | Found a hazy altar of Hepliaklqana.
  1107 | D        | Found an opulent altar of Gozag.
  1107 | D        | Found a sparkling altar of Nemelex Xobeh.
  1107 | D        | Found a corrupted altar of Lugonu.
  1107 | D        | Found a viscous altar of Jiyva.
  1251 | D        | Received a gift from Trog
  1272 | D        | HP: 2/141 [two-headed ogre/+0 giant club (22)]
  1599 | D        | Noticed a two-headed ogre
  1604 | D        | Killed a two-headed ogre
  1722 | D        | Noticed a two-headed ogre
  1722 | D        | Noticed Erolcha
  1731 | D        | Killed Erolcha
  1732 | D        | Reached skill level 10 in Armour
  1732 | D        | Reached XP level 9. HP: 105/105 MP: 8/8
  1735 | D        | Killed a two-headed ogre
  1736 | D        | Reached skill level 15 in Fighting
  1736 | D        | Reached skill level 15 in Axes
  1736 | D        | Reached skill level 10 in Dodging
  1917 | D        | Noticed an orc high priest
  1918 | D        | Noticed an ice devil
  1920 | D        | Noticed an orange demon
  1920 | D        | Noticed a rust devil
  1920 | D        | Noticed an orc sorcerer
  1920 | D        | Noticed an orc knight
  1934 | D        | HP: 5/159 [orc high priest/+0 mace (9)]
  1936 | D        | Killed an orc high priest
  1936 | D        | Identified the +6 battleaxe of Amorality {flame, rElec
                  | rPois Dex+3} (Trog gifted it to you in the Dungeon)
  1936 | D        | Received a gift from Trog
  1936 | D        | Paralysed by an orc sorcerer for 2 turns
  1942 | D        | Slain by an orc sorcerer

Illustrated notes

Levels and vault maps discovered:
D:        dungeon_sprint_mu [sprint_mu_entry_forest, sprint_mu_temple_rooms,
          sprint_mu_d1_spiders, sprint_mu_d2_genie, sprint_mu_d3_branching,
          sprint_mu_orc_legion, sprint_mu_elf_gauntlet, sprint_mu_hive_nellie,
          sprint_mu_lair_fedhas, sprint_mu_vaults_butterflies,
          sprint_mu_slime_circle, sprint_mu_shoals_archi,
          sprint_mu_snake_twists, sprint_mu_blade_basic,
          sprint_mu_crypt_chambers, sprint_mu_tomb_spiral,
          sprint_mu_vestibule_basic, sprint_mu_gehenna_hellfire,
          sprint_mu_dis_giant, sprint_mu_tartarus_statrot,
          sprint_mu_cocytus_islands, sprint_mu_zot1]

Skill      XL: |  1  2  3  4  5  6  7  8  9 |
---------------+----------------------------+-----
Fighting       | 5 6 7 9 11 12 14 15 | 15.8
Axes           | 5 6 7 9 11 12 14 15 | 15.7
Armour         | 3 4 5 6 7 9 10 11 | 11.2
Dodging        | 3 4 6 7 8 9 10 | 10.4

Action                   |  1- 3 |  4- 6 |  7- 9 || total
-------------------------+-------+-------+-------++-------
Melee: Hand axe          |    22 |    13 |    62 ||    97
       Headbutt          |     4 |     3 |    17 ||    24
       Punch             |     1 |       |     1 ||     2
Invok: Berserk           |     3 |     3 |     6 ||    12
  Use: Potion            |     2 |       |       ||     2
Armor: Animal skin       |     2 |       |       ||     2
Dodge: Dodged            |    16 |     5 |    30 ||    51
